 Dungeon Crawl Stone Soup version 0.30-a0-986-g7f2e898f52 (webtiles) character file.

Game seed: 14298407427067470793

35 Mesmaeker13 the Vexing (level 3, -2/26 HPs)
             Began as a Barachi Hexslinger on Apr 1, 2023.
             Slain by a gnoll
             ... wielding a +0 spear
              (5 damage)
             ... on level 2 of the Dungeon.
             The game lasted 00:02:17 (706 turns).

Mesmaeker13 the Vexing (Barachi Hexslinger)          Turns: 706, Time: 00:02:17

Health: -2/26      AC:  3    Str: 11    XL:     3   Next: 33%
Magic:  4/4        EV: 12    Int: 13    God:
Gold:   77         SH:  0    Dex: 14    Spells: 3/4 levels left

rFire   . . .      SeeInvis .    a - +1 sling
rCold   . . .      Faith    .    (no shield)
rNeg    . . .      Spirit   .    q - +0 leather armour {Will+}
rPois   .          Reflect  .    (no helmet)
rElec   .          Rampage  .    (no cloak)
rCorr   .                        (no gloves)
Will    +....                    (no boots)
Stlth   +                        (no amulet)
HPRegen 0.24/turn                (no ring)
MPRegen 0.09/turn                (no ring)

@: unable to hop, slow
A: amphibious, slowness 1, strong legs 1, +LOS
a: Hop


You were on level 2 of the Dungeon.
You visited 1 branch of the dungeon, and saw 2 of its levels.

You collected 77 gold pieces.

Inventory:

Hand Weapons
 a - a +1 sling (weapon)
 g - a +0 long sword
Armour
 q - a +0 leather armour of willpower (worn)
Scrolls
 b - a scroll of poison
 h - a scroll of enchant weapon {unknown}
 i - a scroll of enchant armour {unknown}
 m - a scroll of identify {unknown}
 o - a scroll of torment {unknown}
Potions
 d - a potion of ambrosia {unknown}
 e - a potion of magic {unknown}
 f - a potion of might {unknown}
 j - 2 potions of haste {unknown}
 k - 2 potions of heal wounds {unknown}
 l - 2 potions of degeneration {unknown}
 n - a potion of brilliance {unknown}
 p - a potion of resistance


   Skills:
 - Level 1.2 Fighting
 + Level 2.6 Ranged Weapons
 + Level 2.9 Dodging
 - Level 1.1 Spellcasting
 + Level 3.8 Hexes


You had 3 spell levels left.
You knew the following spells:

 Your Spells              Type           Power      Damage    Failure   Level
a - Slow                  Hex            40%        N/A       8%          1

Your spell library contained the following spells:

 Spells                   Type           Power      Damage    Failure   Level
 Inner Flame              Hex/Fire       5%         N/A       45%         3
 Portal Projectile        Hex/Tloc       10%        N/A       45%         3
 Cause Fear               Hex            5%         N/A       58%         4
 Animate Dead             Necr           0%         N/A       98%         4
 Haunt                    Necr/Summ      0%         N/A       100%        7
 Infestation              Necr           0%         N/A       100%        8


Dungeon Overview and Level Annotations

Branches:
Dungeon (2/15)

Altars:

Annotations:
D:2 Sigmund


Innate Abilities, Weirdness & Mutations

You are amphibious.
You cover ground slowly.
You can hop short distances.
You have an extended range of vision and can be seen from far away.


Message History

You are yanked towards some nearby monsters!
Your surroundings suddenly seem different.
A ball python and 3 gnolls come into view.
Found a sedimented pink potion.
The ball python hisses angrily.
The gnoll shouts!
Unknown command.
Hop to where?
Press: ? - help, Dir - move target Boing!
Unknown command.
You shoot a sling bullet. The sling bullet hits the ball python.
The ball python is moderately wounded.
The ball python bites you but does no damage.
The ball python closely misses you.
You shoot a sling bullet.
The sling bullet barely misses the ball python.
The ball python bites you. The ball python closely misses you.
You shoot a sling bullet. The sling bullet hits the ball python.
You kill the ball python!
You shoot a sling bullet.
The sling bullet barely misses the gnoll.
You shoot a sling bullet. The sling bullet hits the gnoll.
The gnoll is lightly wounded.
The gnoll hits you from afar with a +0 halberd.
The gnoll closely misses you.
You shoot a sling bullet.
The sling bullet closely misses the gnoll.
The gnoll barely misses you. The gnoll hits you with a +0 halberd!
The gnoll hits you with a +0 halberd.
* * * LOW HITPOINT WARNING * * *
The gnoll shouts!
The gnoll misses you. The gnoll closely misses you.
The gnoll closely misses you. The gnoll attacks as you move away!
The gnoll barely misses you. The gnoll attacks as you move away!
The gnoll hits you with a +0 club.
* * * LOW HITPOINT WARNING * * *
The gnoll closely misses you.
The gnoll hits you from afar with a +0 spear.
You die...

########
#....g.##########
#....@..g.......#
#.....##.g##..##..#
#.##. ##....## #..#
# ##..## .... #..#
..... ###..# .....#
#..........# ....#
#..........# ....+
#...###..###....
...#


You could see 3 gnolls.

Vanquished Creatures
  A gnoll (D:1)
  5 ball pythons
  3 bats (D:1)
  3 endoplasms (D:1)
  3 goblins (D:1)
  2 hobgoblins (D:1)
  2 frilled lizards (D:1)
  4 kobolds (D:1)
  2 rats (D:1)
25 creatures vanquished.

Notes
Turn   | Place    | Note
-------+----------+-------------------------------------------
     0 | D:1      | Mesmaeker13 the Barachi Hexslinger began the quest for the
                  | Orb.
     0 | D:1      | Reached XP level 1. HP: 15/15 MP: 2/2
    89 | D:1      | Reached XP level 2. HP: 20/21 MP: 3/3
   524 | D:1      | Reached XP level 3. HP: 26/26 MP: 1/4
   683 | D:2      | Noticed Sigmund
   706 | D:2      | Slain by a gnoll

Illustrated notes

Levels and vault maps discovered:
D:1:      grunt_arrival_crossed_arrows, layout_basic
D:2:      minmay_recursive_quarters, layout_basic,
          ebering_ecumenical_altar_webs, palyth_stone_intersect, uniq_sigmund

Action                     || total
---------------------------++-------
   Fire: Sling             ||    72
   Cast: Slow              ||     7
Ability: Hop               ||     3
 Armour: Robe              ||    10
         Leather armour    ||     2
  Dodge: Dodged            ||    33

Table legend: (Time is in decaauts)
 A = Elapsed time spent in this place.
 B = Non-inter-level travel time spent in this place.
 C = Inter-level travel time spent in this place.
 D = Time resting spent in this place.
 E = Time spent auto-exploring this place.
 F = Levels seen in this place.
 G = Mean time per level.
                   A        B        C        D        E       F      G
               +--------+--------+--------+--------+--------+-----+--------+
         Total |    829 |    795 |     34 |     27 |    564 |   2 |  414.5 |
       Dungeon |    829 |    795 |     34 |     27 |    564 |   2 |  414.5 |
               +--------+--------+--------+--------+--------+-----+--------+

Top non-repeatable levels by time:
     D:1: 802 daAuts
     D:2: 27 daAuts
